 Dungeon Crawl Stone Soup version 0.20.1-1-g8b1a95d (webtiles) character file.

240 Linguinho the Magician (level 5, -13/28 HPs)
             Began as a Deep Elf Earth Elementalist on Oct 29, 2017.
             Killed from afar by Ijyb (19 damage)
             ... with a wand of lightning (?/15)
             ... on level 3 of the Dungeon.
             The game lasted 00:14:26 (2661 turns).

Linguinho the Magician (DEEE)                       Turns: 2661, Time: 00:14:27

Health: -13/28     AC:  4    Str: 10    XL:     5   Next: 80%
Magic:  12/14      EV: 13    Int: 21    God:
Gold:   79         SH:  0    Dex: 15    Spells: 4/14 levels left

rFire    . . .     SeeInvis .   j - +0 short sword
rCold    . . .     Gourm    .   (no shield)
rNeg     . . .     Faith    .   c - +0 robe
rPois    .         Spirit   .   (no helmet)
rElec    .         Reflect  .   m - +1 cloak
rCorr    .         Harm     .   (no gloves)
MR       .....     Rnd*Tele +   (no boots)
Stlth    ++........             (no amulet)
Regen    0.1/turn               s - ring of teleportation (curse)
MPRegen  0.2/turn               p - +5 ring of strength

@: no status effects
A: no striking features
a: no special abilities


You were on level 3 of the Dungeon.
You were not hungry.

You visited 1 branch of the dungeon, and saw 6 of its levels.

You collected 79 gold pieces.

Inventory:

Hand Weapons
 j - a +0 short sword (weapon)
 q - a +0 vampiric dagger
Missiles
 b - 102 stones (quivered)
Armour
 c - a +0 robe (worn)
 m - a +1 cloak (worn)
Jewellery
 i - an uncursed ring of resist corrosion
 p - a +5 ring of strength (right hand)
 s - a cursed ring of teleportation (left hand)
Scrolls
 f - a scroll of random uselessness {unknown}
 k - a scroll of enchant weapon
 l - a scroll of blinking
 o - a scroll of recharging
 v - a scroll of remove curse
 w - a scroll of immolation {unknown}
 y - 2 scrolls of teleportation {unknown}
Potions
 a - 3 potions of mutation {unknown}
 g - 2 potions of curing {unknown}
 h - a potion of heal wounds {unknown}
 n - 2 potions of magic {unknown}
 t - a potion of invisibility {unknown}
 u - a potion of degeneration {unknown}
 z - a potion of lignification {unknown}
Books
 e - a book of Geomancy

   Spells                             Type                      Level
   a - Sandblast                      Earth                        1
   b - Passwall                       Transmutation/Earth          2
   c - Stone Arrow                    Conjuration/Earth            3
   d - Petrify                        Transmutation/Earth          4
   e - Lee's Rapid Deconstruction     Earth                        5
Comestibles
 d - 2 bread rations
 r - a meat ration
 x - a royal jelly


   Skills:
 * Level 1.4 Short Blades
 * Level 3.3 Dodging
 * Level 3.6 Stealth
 * Level 5.0 Spellcasting
 * Level 2.7 Transmutations
 * Level 4.3 Earth Magic


You had 4 spell levels left.
You knew the following spells:

 Your Spells              Type           Power        Failure   Level  Hunger
a - Sandblast             Erth           ###...       1%          1    None
b - Passwall              Tmut/Erth      ###.......   3%          2    None
c - Stone Arrow           Conj/Erth      ##....       13%         3    ##.....
d - Petrify               Tmut/Erth      ###.....     26%         4    ####...


Dungeon Overview and Level Annotations

Branches:
Dungeon (6/15)
 Temple: D:4-7

Altars:

Annotations:
D:2 1 exclusion
D:3 Ijyb, Natasha


Message History

Confirm with . or Enter, or press ? or * to list all spells.
Which direction?
Natasha completely misses you.
Natasha mewls in sadness.
Natasha misses you.
You begin to meditate on the wall.
You continue meditating on the rock.
Ijyb closely misses you. Natasha claws you but does no damage. Ijyb hits you.
You continue meditating on the rock.
Natasha casts a spell at you. The magic dart hits you!
* * * LOW HITPOINT WARNING * * *
Ijyb screams, "Me stronger than you!" Ijyb barely misses you.
Natasha misses you.
You finish merging with the rock.
You feel yourself speed up. Ijyb screams, "I no like you!"
Natasha mumbles some strange words.
Ijyb zaps a wand.
The bolt of lightning hits you!
Ouch! That really hurt!
You die...

########### .#
#....5#...##.##
#.....#.......+
#.....h......##
#...g.#....#.#
#.....#.g..#.#
##+####....#.#
####.### #@#
.#######.#
......†..#
.#######.# #.#
#.# #.####
#>...+ #.####


You could see Ijyb, Natasha and a shadow imp.

Vanquished Creatures
  An ogre (D:5)
  Terence (D:2)
  A worker ant (D:3)
  3 adders
  An ooze (D:3)
  2 worms
  A dart slug (D:2)
  2 leopard geckos
  An orc (D:5)
  4 giant cockroaches
  14 goblins
  4 hobgoblins
  2 jackals (D:3)
  2 quokkas
  3 ball pythons
  5 bats
  10 frilled lizards
  5 kobolds
  A quokka skeleton (D:3)
  9 rats
72 creatures vanquished.

Notes
Turn   | Place    | Note
-------+----------+-------------------------------------------
     0 | D:1      | Linguinho the Deep Elf Earth Elementalist began the quest for the Orb.
     0 | D:1      | Reached XP level 1. HP: 10/10 MP: 6/6
   109 | D:1      | Reached XP level 2. HP: 15/15 MP: 2/8
   114 | D:1      | Learned a level 2 spell: Passwall
   673 | D:2      | Noticed Terence
  1032 | D:3      | Reached XP level 3. HP: 18/19 MP: 6/10
  1055 | D:3      | Reached skill level 4 in Spellcasting
  1163 | D:3      | Reached XP level 4. HP: 12/24 MP: 6/12
  1416 | D:2      | Killed Terence
  1416 | D:2      | Reached skill level 1 in Short Blades
  1794 | D:2      | Learned a level 3 spell: Stone Arrow
  1994 | D:2      | Learned a level 4 spell: Petrify
  2125 | D:2      | Reached XP level 5. HP: 28/28 MP: 13/13
  2468 | D:3      | You fall through a shaft for 3 floors!
  2475 | D:6      | Noticed a phantom
  2485 | D:5      | Entered Level 5 of the Dungeon
  2485 | D:5      | Noticed an ogre
  2493 | D:5      | Killed an ogre
  2493 | D:5      | Reached skill level 5 in Spellcasting
  2642 | D:3      | Noticed Natasha
  2645 | D:3      | Noticed Ijyb
  2661 | D:3      | Killed from afar by Ijyb

Skill      XL: |  1  2  3  4  5 |
---------------+----------------+-----
Spellcasting   | 4 5 |  5.0
Transmutations | 2 |  2.7
Short Blades   | 1 |  1.4
Dodging        | 3 |  3.3
Earth Magic    | 4 |  4.3
Stealth        | 3 |  3.6

Action                   |  1- 3 |  4- 6 || total
-------------------------+-------+-------++-------
Melee: Unarmed           |     3 |       ||     3
       Dagger            |     3 |       ||     3
       Short sword       |    24 |    42 ||    66
 Cast: Sandblast         |    48 |    35 ||    83
       Stone Arrow       |       |     1 ||     1
       Passwall          |       |     1 ||     1
  Use: Scroll            |       |     5 ||     5
 Stab: Sleeping          |     5 |     8 ||    13
  Eat: Chunk             |       |     5 ||     5
Armor: Robe              |    15 |    15 ||    30
Dodge: Dodged            |    50 |    38 ||    88
